 Dungeon Crawl Stone Soup version 0.29.1-13-g9f3cf754e1 (webtiles) character file.

Game seed: 16395019941460389495

9 protoss039 the Digger (level 2, 0/20 HPs)
             Began as a Demonspawn Earth Elementalist on Feb 11, 2023.
             Slain by a ball python (1 damage)
             ... on level 1 of the Dungeon.
             The game lasted 00:01:20 (116 turns).

protoss039 the Digger (DsEE)                         Turns: 116, Time: 00:01:21

Health: 0/20       AC:  2    Str:  8    XL:     2   Next: 3%
Magic:  0/5        EV: 12    Int: 16    God:
Gold:   13         SH:  0    Dex: 13    Spells: 4/5 levels left

rFire   . . .      SeeInvis .   c - staff of conjuration
rCold   . . .      Faith    .   (no shield)
rNeg    . . .      Spirit   .   a - +0 robe
rPois   .          Reflect  .   (no helmet)
rElec   .          Harm     .   (no cloak)
rCorr   .          Rampage  .   (no gloves)
Will    .....                   (no boots)
Stlth   ++........              (no amulet)
HPRegen 0.06/turn               (no ring)
MPRegen 0.09/turn               (no ring)

@: brilliant
A: demonic touch 1
a: no special abilities


You were on level 1 of the Dungeon.
You visited 1 branch of the dungeon, and saw 1 of its levels.

You collected 13 gold pieces.

Inventory:

Armour
 a - a +0 robe (worn)
Magical Staves
 c - a staff of conjuration (weapon)
Potions
 b - a potion of magic


   Skills:
 + Level 0.8 Fighting
 - Level 1.7 Dodging
 - Level 1.7 Stealth
 + Level 2.2 Spellcasting
 - Level 0.8 Transmutations
 + Level 2.9 Earth Magic


You had 4 spell levels left.
You knew the following spells:

 Your Spells              Type           Power      Damage    Failure   Level
a - Sandblast             Erth           32%        2d9       6%          1

Your spell library contained the following spells:

 Spells                   Type           Power      Damage    Failure   Level
 Passwall                 Tmut/Erth      9%         N/A       14%         2
 Stone Arrow              Conj/Erth      28%        3d8       32%         3
 Petrify                  Tmut/Erth      11%        N/A       67%         4


Dungeon Overview and Level Annotations

Branches:
Dungeon (1/15) Zot: 5897

Altars:


Innate Abilities, Weirdness & Mutations

Your touch may inflict minor irresistible damage on your foes.


Message History

You miss the frilled lizard. The frilled lizard bites you.
* * * LOW HITPOINT WARNING * * *
Unknown command.
You completely miss the frilled lizard. The frilled lizard barely misses you.
Unknown command.
You barely miss the frilled lizard. Your touch misses the frilled lizard.
The frilled lizard bites you but does no damage.
Unknown command.
It was a potion of brilliance.
You feel clever all of a sudden. The frilled lizard barely misses you.
Unknown command.
Casting: Sandblast (safe; 6% risk of failure)
Confirm with . or Enter, or press ? or * to list all spells.
You don't have enough magic to cast this spell.
The kobold throws a stone.
The stone hits you.
* * * LOW HITPOINT WARNING * * *
The frilled lizard closely misses you.
Casting: Sandblast (safe; 6% risk of failure)
Confirm with . or Enter, or press ? or * to list all spells.
Aiming: Sandblast (safe; 6% risk of failure)
Press: ? - help, Shift-Dir - straight line, f - kobold
Aim: a kobold, wielding a +0 dagger and quivering stones (77% to hit)
You feel a surge of power!
The blast of sand hits the frilled lizard!
You kill the frilled lizard!
The kobold closely misses you.
The kobold throws a stone.
The stone misses you.
Unknown command.
The kobold throws a stone.
The stone barely misses you.
Casting: Sandblast (safe; 6% risk of failure)
Confirm with . or Enter, or press ? or * to list all spells.
You don't have enough magic to cast this spell.
Unknown command.
The ball python hisses angrily.
Unknown command.
Unknown command.
The ball python attacks as you move away!
The ball python bites you.
You die...

........# ..###........#
........# ..............#
........##...###........#
........................#
........########........##
........## #.........######
####.....#
#..............###
#.....##.##
#.......r..###.$.. #.....
#..######@.#.....#....####
#.....
##....#.S#$..#...#.r..#...
#.....
###..K#g..#...#..........
#....
......#...#...#...#..g.##..
#...
####....#...#...#..........
##.#...#...#...#...r###.
#...#...#...#....#....g
#.#...#...#...#.#####r.
#...#...#...#...####...


You could see a goblin, a ball python, a kobold and a rat (wandering).

Vanquished Creatures
  A dart slug (D:1)
  A goblin (D:1)
  2 hobgoblins (D:1)
  A quokka (D:1)
  A frilled lizard (D:1)
6 creatures vanquished.

Notes
Turn   | Place    | Note
-------+----------+-------------------------------------------
     0 | D:1      | protoss039 the Demonspawn Earth Elementalist began the
                  | quest for the Orb.
     0 | D:1      | Reached XP level 1. HP: 13/13 MP: 3/3
    96 | D:1      | Gained mutation: Your touch may inflict minor irresistible
                  | damage on your foes. [demonic ancestry]
    96 | D:1      | Reached XP level 2. HP: 4/20 MP: 0/5
   103 | D:1      | HP: 1/20 [kobold/stone (2)]
   116 | D:1      | Slain by a ball python

Illustrated notes

Levels and vault maps discovered:
D:1:      dpeg_arrival_lava_altar, layout_rooms, hex_medium

Action                   || total
-------------------------++-------
Melee: Unarmed           ||     8
       Staff             ||     5
 Cast: Sandblast         ||     8
  Use: Potion            ||     2
       Scroll            ||     1
Armor: Robe              ||     4
Dodge: Dodged            ||    25
